[Event "Titled Tuesday Blitz February 28 Late 2023"]
[White "Liu, Casper"]
[Black "Karttunen, Mika"]
[WhiteFideId "1454153"]
[BlackFideId "502081"]
[WhiteElo "2221"]
[BlackElo "2396"]
[Result "0-1"]
[Round "03"]
[TimeControl "180+2"]
[Date "2023.02.28"]
[WhiteClock "0:01:26"]
[BlackClock "0:00:29"]

1. d4 Nf6 2. c4 e6 3. Nc3 Bb4 4. Qc2 Nc6 5. Nf3 d6 6. Bg5 h6 7. Bxf6 Qxf6 8. e3 e5 9. dxe5 Nxe5 10. O-O-O Bxc3 11. Qxc3 O-O 12. Be2 a6 13. Nxe5 dxe5 14. Bf3 c6 15. Rd2 Be6 16. Rhd1 b5 17. c5 b4 18. Qxb4 Rab8 19. Qc3 Bxa2 20. b4 Be6 21. Rd6 Qh4 22. e4 a5 23. bxa5 Rb3 24. Qc2 Ra3 25. g3 Qg5+ 26. Kb1 Rb8+ 0-1


[Site "https://www.chess.com"]

[Event "Titled Tuesday Blitz February 28 Late 2023"]
[White "Ristic, Nebojsa B"]
[Black "Melikhov, Evgeny V."]
[WhiteFideId "935468"]
[BlackFideId "4122046"]
[WhiteElo "2303"]
[BlackElo "2158"]
[Result "1-0"]
[Round "03"]
[TimeControl "180+2"]
[Date "2023.02.28"]
[WhiteClock "0:02:05"]
[BlackClock "0:01:51"]

1. d4 Nf6 2. Bf4 d5 3. e3 c5 4. Nf3 Nc6 5. Nbd2 cxd4 6. exd4 Bf5 7. c3 e6 8. Qb3 Bd6 9. Qxb7 Bxf4 10. Qxc6+ Kf8 11. Be2 g5 12. g3 Bxd2+ 13. Nxd2 Kg7 14. O-O h5 15. Nf3 Ne4 16. Ne5 f6 17. Qb7+ 1-0


[Site "https://www.chess.com"]

[Event "Titled Tuesday Blitz February 28 Late 2023"]
[White "Poeta, Caio Medeiros"]
[Black "Todev, Simeon"]
[WhiteFideId "2142660"]
[BlackFideId "2925133"]
[WhiteElo "2191"]
[BlackElo "1938"]
[Result "0-1"]
[Round "03"]
[TimeControl "180+2"]
[Date "2023.02.28"]
[WhiteClock "0:01:40"]
[BlackClock "0:01:42"]

1. d4 c5 2. c3 cxd4 3. cxd4 d5 4. Nf3 Nc6 5. Nc3 g6 6. e3 Bg7 7. Be2 e6 8. O-O Nge7 9. a3 O-O 10. b4 e5 11. dxe5 Nxe5 12. Bb2 Be6 13. Rc1 Rc8 14. Nd4 N7c6 15. f4 Nxd4 16. exd4 Nc4 17. Bxc4 Rxc4 18. Na4 b6 19. Rxc4 dxc4 20. Qd2 Qd7 21. Nc3 Bxd4+ 22. Kh1 Rd8 23. Qe2 Bxc3 24. Bxc3 Qd3 25. Qe1 Bg4 26. Rg1 Qe2 27. Qh4 Rd1 28. Qf6 Rxg1+ 29. Kxg1 Qe3+ 30. Kf1 Be2+ 31. Ke1 Bd3+ 32. Kd1 Qe2+ 0-1


[Site "https://www.chess.com"]

[Event "Titled Tuesday Blitz February 28 Late 2023"]
[White "Filgueira, Hernan"]
[Black "Prieto Aranguren, Alain"]
[WhiteFideId "101770"]
[BlackFideId "2268906"]
[WhiteElo "2363"]
[BlackElo "2209"]
[Result "1-0"]
[Round "03"]
[TimeControl "180+2"]
[Date "2023.02.28"]
[WhiteClock "0:00:56"]
[BlackClock "0:00:02"]

1. c4 g6 2. Nc3 Bg7 3. d4 d6 4. e4 Nd7 5. Be3 e5 6. d5 Ne7 7. g4 a6 8. Bd3 O-O 9. Bc2 b5 10. cxb5 axb5 11. Nxb5 f5 12. gxf5 gxf5 13. Nf3 f4 14. Bd2 Ng6 15. h4 Nf6 16. h5 Ne7 17. h6 Bh8 18. Rg1+ Ng6 19. Ng5 Rb8 20. a4 Ba6 21. Bd3 Qd7 22. Qf3 c6 23. dxc6 Qxc6 24. Rc1 Qb6 25. Bc4+ d5 26. exd5 Rfc8 27. Qb3 Kf8 28. Bb4+ Ke8 29. d6 e4 30. Bf7+ Kd8 31. Rxc8+ Rxc8 32. Ne6+ Kd7 33. Ned4 Rc1+ 34. Kd2 Rxg1 35. Qe6+ Kd8 36. Bxg6 Bxb5 37. Qe7+ Kc8 38. Bf5+ Kb8 39. Qc7+ Qxc7 40. dxc7+ Kxc7 41. Nxb5+ Kb6 42. Nc3 e3+ 43. fxe3 f3 44. Bd3 f2 45. a5+ Kb7 46. a6+ Ka8 47. Bb5 f1=Q 48. Bc6+ Ka7 49. Bc5+ Kxa6 50. Bb5+ Ka5 51. b4# 1-0


[Site "https://www.chess.com"]

[Event "Titled Tuesday Blitz February 28 Late 2023"]
[White "Molenda, Marcin"]
[Black "Skaric, Djuro"]
[WhiteFideId "1173065"]
[BlackFideId "934569"]
[WhiteElo "2286"]
[BlackElo "2282"]
[Result "1-0"]
[Round "03"]
[TimeControl "180+2"]
[Date "2023.02.28"]
[WhiteClock "0:00:12"]
[BlackClock "0:00:12"]

1. e4 d6 2. d4 g6 3. Nc3 Bg7 4. Bg5 Nf6 5. Qd2 h6 6. Bf4 Nc6 7. f3 g5 8. Be3 e5 9. Nge2 O-O 10. h4 exd4 11. Nxd4 Nxd4 12. Bxd4 g4 13. O-O-O Be6 14. h5 a6 15. Be3 Kh7 16. Bd3 Ng8 17. f4 f5 18. Qe2 Qd7 19. exf5 Bxf5 20. Qxg4 Kh8 21. Bxf5 Rxf5 22. Qf3 Raf8 23. g4 Ra5 24. Bd4 c5 25. Bxg7+ Qxg7 26. Rxd6 b5 27. Kb1 Qf7 28. f5 b4 29. Nd5 c4 30. Rd1 c3 31. bxc3 Rc8 32. cxb4 Rb5 33. Qe4 a5 34. Qd4+ Kh7 35. a3 axb4 36. axb4 Rcb8 37. c3 Ra8 38. Re1 Rb7 39. Ree6 Qg7 40. Qxg7+ Kxg7 41. f6+ Kf7 42. Ra6 Rd8 43. Red6 Re8 44. Kc2 Re2+ 45. Kb3 Rg2 46. Rab6 Ra7 47. Ne3 Rg3 48. Re6 Rd7 49. Kc4 Rf3 50. Nf5 Rf4+ 51. Kb3 Rd8 52. Re7+ Kf8 53. Rg7 Rxf5 54. gxf5 Nxf6 55. Rxf6+ Kxg7 56. Rg6+ Kh7 57. b5 Rf8 58. Kb4 Rxf5 59. b6 Rxh5 60. Rc6 Rh1 61. Kc5 Rb1 62. Kd6 h5 63. Kc7 h4 64. Rc4 Kg6 65. Rxh4 Kf6 66. b7 1-0


[Site "https://www.chess.com"]

[Event "Titled Tuesday Blitz February 28 Late 2023"]
[White "Jenkins, Drake"]
[Black "Drnovsek, Gal"]
[WhiteFideId "2022397"]
[BlackFideId "14607077"]
[WhiteElo "2305"]
[BlackElo "2293"]
[Result "0-1"]
[Round "03"]
[TimeControl "180+2"]
[Date "2023.02.28"]
[WhiteClock "0:00:04"]
[BlackClock "0:00:56"]

1. Nf3 g6 2. c4 Bg7 3. g3 e5 4. Nc3 d6 5. Bg2 f5 6. d3 Nf6 7. O-O O-O 8. Bg5 h6 9. Bxf6 Qxf6 10. Nd5 Qf7 11. Rb1 c6 12. Nc3 Be6 13. Qc2 d5 14. cxd5 cxd5 15. d4 e4 16. Ne5 Bxe5 17. dxe5 Nc6 18. Rfd1 Nxe5 19. Qa4 Rfd8 20. Rd2 Nc4 21. Rd4 a6 22. b3 b5 23. Qb4 Ne5 24. Rbd1 Rac8 25. R4d2 Nc6 26. Qc5 Ne5 27. Qd4 Nc6 28. Qc5 d4 29. Nb1 b4 30. f3 e3 31. Rd3 Rd5 32. Qb6 f4 33. Qxa6 Ne5 34. a3 Nxd3 35. Qxd3 Bf5 36. Qa6 Rdc5 37. Rf1 Qxb3 38. g4 Bxb1 39. axb4 Rc1 0-1


[Site "https://www.chess.com"]

[Event "Titled Tuesday Blitz February 28 Late 2023"]
[White "Yeritsyan, Hayk"]
[Black "Romero Ruscalleda, Josep"]
[WhiteFideId "13307320"]
[BlackFideId "2231859"]
[WhiteElo "2468"]
[BlackElo "2183"]
[Result "1-0"]
[Round "03"]
[TimeControl "180+2"]
[Date "2023.02.28"]
[WhiteClock "0:00:18"]
[BlackClock "0:00:20"]

1. d4 g6 2. Nf3 Bg7 3. Bf4 d6 4. h3 Nf6 5. e3 O-O 6. c3 Nbd7 7. Be2 b6 8. O-O Bb7 9. Nbd2 Ne4 10. Bh2 f5 11. Nxe4 fxe4 12. Qb3+ d5 13. Ng5 Rf6 14. Nxe4 Rf5 15. Bg4 c5 16. Bxf5 gxf5 17. Ng5 Nf8 18. Qc2 e6 19. Nf3 Rc8 20. Be5 Bh6 21. Bf4 Bg7 22. Ne5 Ng6 23. Nxg6 hxg6 24. Qe2 Kf7 25. f3 Bf6 26. Be5 Bxe5 27. dxe5 Qg5 28. e4 Rd8 29. Rad1 Kg7 30. exd5 Bxd5 31. c4 Bc6 32. Rxd8 Qxd8 33. Rd1 Qg5 34. Rd6 Be8 35. Qd2 f4 36. Rxe6 Bf7 37. Rd6 Qxe5 38. Qc3 Qxc3 39. bxc3 Bxc4 40. Rd7+ Kf6 41. Rxa7 g5 42. Rb7 b5 43. Rc7 Bxa2 44. Rxc5 Bc4 45. Kf2 Kg6 46. g3 Kf6 47. gxf4 gxf4 48. h4 Kg6 49. Rg5+ Kf6 50. Ke1 Bd3 51. Kd2 Bf5 52. Rxf5+ Kxf5 53. Kd3 Ke5 54. h5 Kf5 55. Kd4 Kg5 56. Ke4 Kxh5 57. Kxf4 Kg6 58. Ke5 Kf7 59. Kd5 Kf6 60. Kc5 Kf5 61. Kxb5 Kf4 62. c4 Kxf3 63. c5 Ke4 64. c6 Kd5 65. c7 Kd6 66. c8=Q 1-0


[Site "https://www.chess.com"]

[Event "Titled Tuesday Blitz February 28 Late 2023"]
[White "MunichMouse"]
[Black "reevecanada"]
[WhiteElo "2298"]
[BlackElo "2468"]
[Result "0-1"]
[Round "03"]
[TimeControl "180+2"]
[Date "2023.02.28"]
[WhiteClock "0:00:36"]
[BlackClock "0:01:43"]

1. d4 Nf6 2. c4 g6 3. g3 c6 4. Bg2 d5 5. b3 Bg7 6. Bb2 O-O 7. Nf3 a5 8. Nc3 e6 9. O-O Re8 10. Qc2 Nbd7 11. e4 dxe4 12. Nxe4 Nxe4 13. Qxe4 Qc7 14. Rac1 e5 15. d5 Nc5 16. Qe2 Bf5 17. dxc6 Bd3 18. Qe3 Bxf1 19. Qxc5 Bxg2 20. Kxg2 Qxc6 21. Qxc6 bxc6 22. Nd2 a4 23. b4 a3 24. Bc3 e4 25. Nf1 Rab8 26. Bxg7 Kxg7 27. Rb1 Red8 28. Rb3 Rd4 29. Ne3 Rd2 30. Rxa3 Rxb4 31. Nf1 Re2 32. Re3 Rxe3 33. Nxe3 Ra4 34. g4 Rxa2 35. g5 h6 36. h4 f5 37. gxf6+ Kxf6 38. Kg3 g5 39. Ng4+ Kg7 40. hxg5 hxg5 41. Ne5 c5 42. Nd7 Rc2 43. Nxc5 Rxc4 44. Nb7 Rc3+ 45. Kg4 Kg6 46. Nd6 e3 47. fxe3 Rxe3 48. Nb7 Re5 49. Nd6 Rd5 50. Ne4 Rd4 51. Kf3 g4+ 52. Kf4 g3 0-1


[Site "https://www.chess.com"]

[Event "Titled Tuesday Blitz February 28 Late 2023"]
[White "Awoki, Daniel Teidi"]
[Black "Vovk, Orest"]
[WhiteFideId "2100827"]
[BlackFideId "14113490"]
[WhiteElo "2083"]
[BlackElo "2215"]
[Result "0-1"]
[Round "03"]
[TimeControl "180+2"]
[Date "2023.02.28"]
[WhiteClock "0:00:55"]
[BlackClock "0:00:43"]

1. e4 g5 2. d4 g4 3. Nc3 Bg7 4. Bc4 h5 5. Bf4 c5 6. e5 cxd4 7. Qxd4 Nc6 8. Qe3 Qa5 9. O-O-O Bxe5 10. Nge2 Nf6 11. Rhe1 d6 12. Kb1 Bf5 13. Nd4 Nxd4 14. Rxd4 O-O-O 15. Bxe5 dxe5 16. Rxd8+ Rxd8 17. Qxe5 Qxe5 18. Rxe5 e6 19. Kc1 Rd4 20. Bb3 h4 21. Ne2 Re4 22. Rc5+ Kb8 23. Kd1 h3 24. gxh3 gxh3 25. Ng3 Rf4 26. Nxf5 exf5 27. Ke2 Ne4 28. Rc4 Rxf2+ 29. Ke3 Rxh2 30. Rd4 Rh1 31. Rd8+ Kc7 32. Rh8 h2 33. Kf3 Rf1+ 34. Kg2 Rf2+ 35. Kh1 Ng3# 0-1


[Site "https://www.chess.com"]

[Event "Titled Tuesday Blitz February 28 Late 2023"]
[White "Meftahi, Houssem"]
[Black "Karamsetty, Jeevan"]
[WhiteFideId "5501660"]
[BlackFideId "2025337"]
[WhiteElo "2124"]
[BlackElo "2111"]
[Result "0-1"]
[Round "03"]
[TimeControl "180+2"]
[Date "2023.02.28"]
[WhiteClock "0:00:14"]
[BlackClock "0:01:03"]

1. e4 e5 2. Bc4 Nc6 3. Nc3 Nf6 4. d3 Be7 5. f4 d6 6. Nf3 O-O 7. O-O Be6 8. f5 Bxc4 9. dxc4 Nb8 10. Bg5 c6 11. Bxf6 Bxf6 12. g4 Qb6+ 13. Kg2 Qxb2 14. Qd3 Na6 15. g5 Be7 16. f6 gxf6 17. gxf6 Bxf6 18. Rab1 Qa3 19. Kh1 Kh8 20. Qe3 Nc5 21. Rg1 Rg8 22. Qh6 Rg6 23. Rxg6 fxg6 24. Qd2 Rf8 25. Qxd6 Bg7 26. Rb3 Qc1+ 27. Ng1 Nxb3 28. axb3 Qe3 29. Nce2 Qxe4+ 0-1


[Site "https://www.chess.com"]

[Event "Titled Tuesday Blitz February 28 Late 2023"]
[White "Marczuk, Dominik"]
[Black "Guimaraes, Wagner Peixoto"]
[WhiteFideId "1111264"]
[BlackFideId "2100940"]
[WhiteElo "2174"]
[BlackElo "2185"]
[Result "1-0"]
[Round "03"]
[TimeControl "180+2"]
[Date "2023.02.28"]
[WhiteClock "0:02:50"]
[BlackClock "0:01:00"]

1. e4 e5 2. Nf3 Nc6 3. Bc4 Nf6 4. d3 Be7 5. O-O d6 6. Bb3 O-O 7. c3 Bg4 8. Nbd2 a5 9. h3 Bh5 10. Re1 d5 11. Qe2 dxe4 12. dxe4 a4 13. Bc2 Qd7 14. Nf1 Rfd8 15. Ng3 Bg6 16. Nh4 a3 17. b3 h6 18. Nhf5 Kh7 19. Qf3 Bf8 20. Nxh6 gxh6 21. Qxf6 Bg7 22. Qf3 Rf8 23. Nf5 Bxf5 24. exf5 Bf6 25. Be3 Rg8 26. Rad1 Qe7 27. Qh5 1-0


[Site "https://www.chess.com"]

[Event "Titled Tuesday Blitz February 28 Late 2023"]
[White "Mikhalsky, Vladimir"]
[Black "Kaufman, Raymond"]
[WhiteFideId "14144352"]
[BlackFideId "2015056"]
[WhiteElo "2272"]
[BlackElo "2321"]
[Result "0-1"]
[Round "03"]
[TimeControl "180+2"]
[Date "2023.02.28"]
[WhiteClock "0:00:16"]
[BlackClock "0:00:34"]

1. e4 e5 2. Nf3 Nc6 3. Bb5 a6 4. Ba4 f5 5. d3 fxe4 6. dxe4 Nf6 7. Nc3 Bb4 8. O-O Bxc3 9. bxc3 O-O 10. Ba3 d6 11. Bb3+ Kh8 12. Qd3 Bg4 13. Ng5 Nh5 14. Nf7+ Rxf7 15. Bxf7 Nf4 16. Qe3 Qh4 17. g3 Qh3 18. gxf4 Bf3 19. Qxf3 Qxf3 20. Be6 Qxc3 21. Bb3 exf4 22. f3 Re8 23. Rab1 Re5 24. Bb2 Rg5+ 25. Kh1 Qd2 26. Rg1 Rxg1+ 27. Rxg1 Ne5 28. Bxe5 dxe5 29. Rf1 Qe2 30. Kg1 g5 31. Rf2 Qe3 32. Kg2 g4 33. fxg4 Qxe4+ 34. Rf3 Qe2+ 35. Rf2 Qxg4+ 36. Kf1 e4 37. Rd2 Qh3+ 38. Ke1 Qe3+ 39. Kd1 Qg1+ 40. Ke2 f3# 0-1


[Site "https://www.chess.com"]

[Event "Titled Tuesday Blitz February 28 Late 2023"]
[White "Lalanne, Pablo"]
[Black "Sokolin, Leonid"]
[WhiteFideId "112151"]
[BlackFideId "2009161"]
[WhiteElo "2120"]
[BlackElo "2394"]
[Result "0-1"]
[Round "03"]
[TimeControl "180+2"]
[Date "2023.02.28"]
[WhiteClock "0:00:02"]
[BlackClock "0:00:23"]

1. e4 c5 2. Nf3 Nc6 3. d4 cxd4 4. Nxd4 e5 5. Nb5 d6 6. N1c3 a6 7. Na3 Be6 8. Nc4 Rb8 9. a4 Nb4 10. Be3 Nf6 11. Be2 Qc7 12. Nb6 Nxe4 13. O-O Nxc3 14. bxc3 Qxc3 15. Rb1 Nxc2 16. Bd2 Qc6 17. a5 Nd4 18. Bg4 Qc2 19. Bxe6 fxe6 20. Qe1 Be7 21. Rc1 Qf5 22. Rc7 Qg6 23. f4 Bd8 24. Rc1 Bxb6 25. axb6 O-O 26. Kh1 exf4 27. Bxf4 e5 28. Bg3 Qd3 29. Qb4 0-1


[Site "https://www.chess.com"]

[Event "Titled Tuesday Blitz February 28 Late 2023"]
[White "Grot, Blazej"]
[Black "Leonte, Sebastian-Marian"]
[WhiteFideId "21835845"]
[BlackFideId "1268767"]
[WhiteElo "1823"]
[BlackElo "2253"]
[Result "0-1"]
[Round "03"]
[TimeControl "180+2"]
[Date "2023.02.28"]
[WhiteClock "0:00:02"]
[BlackClock "0:00:05"]

1. e4 e5 2. Nf3 Nc6 3. Bc4 Nf6 4. d3 Be7 5. c3 O-O 6. Bb3 d5 7. Nbd2 dxe4 8. dxe4 Qd3 9. Qe2 Qxe2+ 10. Kxe2 h6 11. h3 Bd6 12. Re1 Na5 13. Bc2 Bd7 14. a4 Be6 15. b3 b6 16. Ba3 Bxa3 17. Rxa3 Nd7 18. Bd3 f6 19. b4 Nb7 20. Nc4 a5 21. Rea1 Rfd8 22. Nfd2 Kf7 23. h4 g6 24. f3 h5 25. g3 Ke7 26. Ne3 c6 27. Ndc4 Nd6 28. Nxd6 Kxd6 29. f4 Kc7 30. f5 gxf5 31. exf5 Bf7 32. b5 Nc5 33. Bc4 Bxc4+ 34. Nxc4 cxb5 35. axb5 Rd3 36. Ne3 Rad8 37. c4 Rd2+ 38. Kf1 R8d4 39. Nd5+ Kb7 40. Nxf6 Rxc4 41. Nxh5 Rcc2 42. Rf3 e4 43. Rf4 Rh2 44. Kg1 Rcg2+ 45. Kf1 e3 46. Re1 e2+ 47. Rxe2 Rxe2 48. f6 Ra2 49. Kg1 Rag2+ 50. Kf1 Ra2 51. Kg1 Nd3 52. f7 Rag2+ 53. Kf1 Rf2+ 54. Kg1 Nxf4 55. f8=Q Ne2# 0-1


[Site "https://www.chess.com"]

[Event "Titled Tuesday Blitz February 28 Late 2023"]
[White "Redzisz, Michal"]
[Black "Mendez Machado, Andre"]
[WhiteFideId "21816107"]
[BlackFideId "6603793"]
[WhiteElo "2175"]
[BlackElo "1989"]
[Result "1/2-1/2"]
[Round "03"]
[TimeControl "180+2"]
[Date "2023.02.28"]
[WhiteClock "0:00:21"]
[BlackClock "0:00:06"]

1. e4 e5 2. Nf3 Nc6 3. Bc4 Bc5 4. c3 Nf6 5. d4 exd4 6. cxd4 Bb4+ 7. Nc3 Nxe4 8. O-O Bxc3 9. d5 Bf6 10. Re1 Ne7 11. Rxe4 d6 12. g4 h6 13. h4 O-O 14. g5 hxg5 15. hxg5 Be5 16. Nxe5 dxe5 17. Rxe5 Ng6 18. Re1 Qd6 19. Qh5 Bf5 20. Kg2 Nf4+ 21. Bxf4 Qxf4 22. Be2 Bg6 23. Qg4 Be4+ 24. Kg1 Qxg4+ 25. Bxg4 Bxd5 26. Re7 c5 27. Rd1 Bc6 28. g6 fxg6 29. Be6+ Kh7 30. Rd3 Rf3 31. Rd6 Raf8 32. Bd5 Rxf2 33. Bxc6 bxc6 34. Rdd7 Rf1+ 35. Kg2 R1f2+ 36. Kg3 R8f3+ 37. Kg4 Rf4+ 38. Kg3 Kh6 39. Rxg7 Kg5 40. Rd3 Rxb2 41. Rc7 Rf6 42. Rc3 Rb5 43. a4 Ra5 44. Rc4 Kf5 45. Rf4+ Kg5 46. Rg4+ Kh6 47. Rh4+ Kg5 48. Re7 Rf5 49. Re6 c4 50. Rg4+ Kh5 51. Rgxg6 Rg5+ 52. Rxg5+ Rxg5+ 53. Kf4 Ra5 54. Rxc6 Rxa4 55. Kf5 Ra5+ 56. Ke4 Ra4 57. Kd4 Kg4 58. Rxc4 Rxc4+ 59. Kxc4 Kf5 60. Kb5 Ke6 61. Ka6 Kd7 62. Kxa7 1/2-1/2


[Site "https://www.chess.com"]

[Event "Titled Tuesday Blitz February 28 Late 2023"]
[White "Jovic, Stanoje"]
[Black "Huang, Alex"]
[WhiteFideId "905020"]
[BlackFideId "4302508"]
[WhiteElo "2236"]
[BlackElo "2029"]
[Result "1-0"]
[Round "03"]
[TimeControl "180+2"]
[Date "2023.02.28"]
[WhiteClock "0:00:28"]
[BlackClock "0:00:03"]

1. c4 g6 2. g3 Bg7 3. Bg2 Nf6 4. Nc3 d6 5. Nf3 O-O 6. O-O e5 7. d3 c6 8. Rb1 a5 9. a3 h6 10. b4 axb4 11. axb4 Bg4 12. h3 Be6 13. e4 Qc8 14. Kh2 Nbd7 15. Be3 Ne8 16. Qd2 Kh7 17. Qe2 f5 18. exf5 Bxf5 19. Ne4 d5 20. cxd5 cxd5 21. Rfc1 Qd8 22. Nc5 d4 23. Bd2 Qb8 24. Nxb7 Qxb7 25. Ng5+ hxg5 26. Bxb7 Ra3 27. Be4 Nd6 28. Rc7 Bxe4 29. dxe4 Nf6 30. f3 Nh5 31. Kg2 Rb8 32. Bxg5 Nb5 33. Rc5 Nc3 34. Rxc3 dxc3 35. b5 Rba8 36. Rc1 Bf8 37. b6 Rb3 38. Rc2 Ra1 39. Qc4 Rbb1 40. Bc1 Rxc1 41. Rxc1 Rxc1 42. b7 Rb1 43. b8=Q Rxb8 44. Qc7+ Ng7 45. Qxb8 Bc5 46. Qxe5 Bb4 47. Qc7 Kh6 48. f4 Ne6 49. Qc4 Nd4 50. Qxb4 c2 51. Qc4 g5 52. fxg5+ 1-0


[Site "https://www.chess.com"]

[Event "Titled Tuesday Blitz February 28 Late 2023"]
[White "Hajiyev, Kanan"]
[Black "Wang, Alexander J"]
[WhiteFideId "13404148"]
[BlackFideId "30955270"]
[WhiteElo "2103"]
[BlackElo "2216"]
[Result "0-1"]
[Round "03"]
[TimeControl "180+2"]
[Date "2023.02.28"]
[WhiteClock "0:00:04"]
[BlackClock "0:00:16"]

1. d4 d5 2. Nf3 Nf6 3. c4 e6 4. cxd5 exd5 5. Nc3 c5 6. Bg5 Be6 7. e3 Nc6 8. Bb5 c4 9. O-O Bd6 10. Ne5 Rc8 11. Qa4 Qb6 12. b3 Bxe5 13. dxe5 Nd7 14. bxc4 dxc4 15. Bxc4 Bxc4 16. Qxc4 Ndxe5 17. Qe4 O-O 18. Nd5 Qc5 19. Rfc1 Qd6 20. Bf4 Rfe8 21. Rab1 Rcd8 22. Rd1 Qg6 23. Qxg6 Nxg6 24. Bc7 Rd7 25. Nf6+ gxf6 26. Rxd7 Nf8 27. Rd6 Ne6 28. Rd7 Rc8 29. Bg3 b6 30. Rc1 Nc5 31. h3 Nxd7 32. Rd1 Nde5 33. f4 Nc4 34. Kf2 Nb4 35. Rd4 Nxa2 36. Bh4 Nc3 37. Bxf6 Nb5 38. Rd7 Nbd6 39. Bd4 Ne4+ 40. Kf3 Ncd2+ 41. Ke2 a5 42. Bxb6 a4 43. Ra7 Nc4 44. Bd4 a3 45. Kd3 Nf2+ 46. Kc3 Nxe3+ 47. Kb3 Ned1 48. Rxa3 Ne4 49. Ra5 Ndf2 50. Re5 Rd8 51. Bxf2 Nxf2 52. Kc4 Nd3 53. Rg5+ Kh8 54. g4 Nxf4 55. Rf5 Nxh3 56. Rxf7 Rg8 57. Kd5 Rxg4 58. Rf3 Ng5 59. Kd6 Nxf3 0-1


[Site "https://www.chess.com"]

[Event "Titled Tuesday Blitz February 28 Late 2023"]
[White "Quirke, Jeffrey"]
[Black "Forgacs, Attila Jr."]
[WhiteFideId "2013029"]
[BlackFideId "773654"]
[WhiteElo "2214"]
[BlackElo "2168"]
[Result "0-1"]
[Round "03"]
[TimeControl "180+2"]
[Date "2023.02.28"]
[WhiteClock "0:00:12"]
[BlackClock "0:01:19"]

1. e4 e5 2. Nf3 Nc6 3. Bb5 a6 4. Ba4 Nf6 5. Qe2 d6 6. c3 g6 7. h3 Bg7 8. O-O O-O 9. d3 h6 10. Rd1 b5 11. Bc2 Nb8 12. Nbd2 c5 13. Nf1 Bb7 14. Ng3 Nbd7 15. Nh2 d5 16. h4 d4 17. h5 Qc7 18. Bd2 c4 19. cxd4 exd4 20. Rac1 Rfc8 21. Nf3 Ne5 22. Nxe5 Qxe5 23. f4 Qc5 24. Kh2 c3 25. bxc3 dxc3 26. Be3 Qa3 27. d4 Qxa2 28. e5 Nd5 29. hxg6 fxg6 30. Qd3 Nxe3 31. Qxe3 Qd5 32. Rg1 Qe6 33. f5 Qe7 34. Qd3 Qh4# 0-1


[Site "https://www.chess.com"]

[Event "Titled Tuesday Blitz February 28 Late 2023"]
[White "Chan, Kim Yew"]
[Black "Lopez Perdomo, Juan David"]
[WhiteFideId "5717981"]
[BlackFideId "4405137"]
[WhiteElo "2206"]
[BlackElo "1965"]
[Result "1-0"]
[Round "03"]
[TimeControl "180+2"]
[Date "2023.02.28"]
[WhiteClock "0:02:19"]
[BlackClock "0:02:04"]

1. Nf3 e6 2. a3 d5 3. b4 a5 4. Bb2 axb4 5. axb4 Rxa1 6. Bxa1 Nf6 7. b5 c5 8. bxc6 bxc6 9. e3 Ba6 10. c4 Ne4 11. Nc3 Nxc3 12. Bxc3 Qa5 13. Bxa5 1-0


[Site "https://www.chess.com"]

[Event "Titled Tuesday Blitz February 28 Late 2023"]
[White "Li, Hui"]
[Black "Cueto, Jonny"]
[WhiteFideId "15400310"]
[BlackFideId "3300145"]
[WhiteElo "1967"]
[BlackElo "2212"]
[Result "0-1"]
[Round "03"]
[TimeControl "180+2"]
[Date "2023.02.28"]
[WhiteClock "0:00:05"]
[BlackClock "0:00:13"]

1. e4 e6 2. d4 d5 3. Nd2 Nc6 4. Ngf3 Nf6 5. e5 Nd7 6. c3 f6 7. Bb5 fxe5 8. dxe5 Bc5 9. Nb3 Bb6 10. Bg5 Ne7 11. Nbd4 O-O 12. Nxe6 Qe8 13. Nxf8 Qxf8 14. Bxe7 Qxe7 15. Qxd5+ Kh8 16. Bxd7 Bxd7 17. O-O-O Be6 18. Qxb7 Rf8 19. Kb1 Bc4 20. Qc6 Be6 21. h4 Bf5+ 22. Ka1 a5 23. Nd4 Bd7 24. Qe4 a4 25. a3 Qc5 26. e6 Bb5 27. Nxb5 Qxb5 28. Qb4 Qf5 29. e7 Re8 30. Rd8 Qf7 31. Qa5 Bxa5 32. Re1 c5 33. f4 Bxd8 34. exd8=Q Rxd8 0-1


[Site "https://www.chess.com"]

[Event "Titled Tuesday Blitz February 28 Late 2023"]
[White "Szyszylo, Rafal"]
[Black "Fernandez Hernandez, Gerardo"]
[WhiteFideId "1109626"]
[BlackFideId "2207400"]
[WhiteElo "1951"]
[BlackElo "2202"]
[Result "1-0"]
[Round "03"]
[TimeControl "180+2"]
[Date "2023.02.28"]
[WhiteClock "0:00:10"]
[BlackClock "0:00:01"]

1. e4 e6 2. d4 d5 3. e5 c5 4. c3 Nc6 5. Nf3 Qb6 6. Be2 f6 7. O-O fxe5 8. Nxe5 Nf6 9. Nxc6 bxc6 10. Re1 Bd6 11. Bh5+ Nxh5 12. Qxh5+ g6 13. Qe2 O-O 14. Be3 Bd7 15. dxc5 Bxc5 16. Bxc5 Qxc5 17. Nd2 Rae8 18. Nf3 Rf5 19. Ne5 Bc8 20. Qe3 Qd6 21. f4 Ref8 22. Rf1 c5 23. Rad1 Ba6 24. Rf3 Bb7 25. Rf2 Qe7 26. g3 Qd6 27. Nc4 Qd7 28. Ne5 Qe7 29. Re2 R5f6 30. Ng4 Rf5 31. Nh6+ Kg7 32. Nxf5+ 1-0


[Site "https://www.chess.com"]

[Event "Titled Tuesday Blitz February 28 Late 2023"]
[White "Gamage, Wanshini Vidusama"]
[Black "Hoffmann, Asa"]
[WhiteFideId "9953752"]
[BlackFideId "2001470"]
[WhiteElo "2197"]
[BlackElo "2117"]
[Result "0-1"]
[Round "03"]
[TimeControl "180+2"]
[Date "2023.02.28"]
[WhiteClock "0:00:32"]
[BlackClock "0:00:54"]

1. e4 d6 2. d4 Nf6 3. Nc3 c6 4. Nf3 Bg4 5. Be2 e6 6. h3 Bh5 7. O-O d5 8. e5 Nfd7 9. Be3 c5 10. a4 Nc6 11. dxc5 Bxc5 12. Bxc5 Nxc5 13. Bb5 O-O 14. Bxc6 bxc6 15. Re1 Rb8 16. b3 Rb4 17. Na2 Re4 18. Rxe4 dxe4 19. Qxd8 Rxd8 20. Ng5 h6 21. b4 hxg5 22. bxc5 Rd5 23. Nc3 Rxe5 24. Re1 Bg6 25. f3 Rxc5 26. Nxe4 Bxe4 27. Rxe4 Rxc2 28. Re5 c5 29. Rxg5 f6 30. Rg4 e5 31. Kf1 Kf7 32. Ke1 g5 33. Kd1 Ra2 34. Rc4 Ke6 35. Rxc5 Rxg2 36. Ra5 Rg3 37. Ke2 Rxh3 38. Rxa7 Rh2+ 39. Ke3 Kf5 40. a5 Ra2 41. a6 Ra3+ 42. Kf2 Kf4 43. Ra8 f5 44. a7 g4 45. fxg4 Ra2+ 46. Kf1 Kf3 47. Ke1 f4 48. Re8 Rxa7 49. Rxe5 Ra1+ 50. Kd2 Kxg4 51. Ke2 Ra2+ 52. Kf1 Kg3 53. Re8 Kf3 54. Kg1 Ra1+ 55. Kh2 Kf2 56. Rb8 Ra3 57. Rb2+ Kf3 58. Kg1 Kg3 59. Rb1 f3 60. Kf1 Ra2 61. Re1 Rf2+ 62. Kg1 Rg2+ 63. Kh1 Rh2+ 64. Kg1 f2+ 0-1


[Site "https://www.chess.com"]

[Event "Titled Tuesday Blitz February 28 Late 2023"]
[White "rikchessmx"]
[Black "Pein, Jonathan"]
[BlackFideId "417092"]
[WhiteElo "2172"]
[BlackElo "2151"]
[Result "0-1"]
[Round "03"]
[TimeControl "180+2"]
[Date "2023.02.28"]
[WhiteClock "0:01:09"]
[BlackClock "0:01:49"]

1. e4 e5 2. Nf3 d6 3. d4 exd4 4. Nxd4 Nf6 5. Nc3 g6 6. f4 Bg7 7. h3 O-O 8. Bd3 Nc6 9. Nde2 Re8 10. O-O b5 11. a3 a6 12. f5 Ne5 13. Bg5 h6 14. Bh4 g5 15. Bg3 c5 16. Bxe5 Rxe5 17. Ng3 c4 18. Be2 d5 19. exd5 Nxd5 20. Bf3 Bb7 21. Qc1 Nxc3 22. Bxb7 Qb6+ 23. Kh2 Qxb7 24. bxc3 Qb6 25. a4 Rae8 26. axb5 axb5 27. Qd1 Re3 28. Rf3 Be5 29. Rxe3 Qxe3 30. Qe1 Qxe1 31. Rxe1 Bxg3+ 32. Kxg3 Rxe1 0-1


[Site "https://www.chess.com"]